 Dungeon Crawl Stone Soup version 0.31-a0-321-g19405a7a6a (webtiles) character file.

Game seed: 9913974598994453874

137 oldmanjim the Changeling (level 5, -2/45 HPs)
             Began as a Merfolk Shapeshifter on July 15, 2023.
             Slain by a steam dragon (4 damage)
             ... on level 3 of the Dungeon on July 18, 2023.
             The game lasted 00:10:48 (1594 turns).

oldmanjim the Changeling (Merfolk Shapeshifter)     Turns: 1594, Time: 00:10:48

Health: -2/45      AC:  2    Str: 16    XL:     5   Next: 20%
Magic:  4/4        EV: 13    Int:  9    God:
Gold:   141        SH:  0    Dex: 14    Spells: 4/4 levels left

rFire   . .          .
                       - Unarmed
rCold   . . .        (no shield)
rNeg    . . .        a - +0 animal skin
rPois   .            (helmet currently unavailable)
rElec   .            (cloak currently unavailable)
rCorr   .            (gloves currently unavailable)
SInv    .            (boots currently unavailable)
Will    .....        (no amulet)
Stlth   +            (no ring)
HPRegen 0.27/turn    (no ring)
MPRegen 0.09/turn

%: no passive effects
@: beast-form
A: beast (slay +3), (nimble swimmer 2), mertail, low MP 1, robust 1
a: Begin Untransformation


You were on level 3 of the Dungeon.
You were a hulking beast.
You visited 1 branch of the dungeon, and saw 3 of its levels.

You collected 141 gold pieces.

Inventory:

Hand Weapons
 b - a +0 sling
Missiles
 h - 5 curare-tipped darts
 i - 16 stones (quivered)
 o - 4 boomerangs
Armour
 a - a +0 animal skin (worn)
Talismans
 c - a beast talisman
 m - a serpent talisman
 p - a maw talisman
Scrolls
 k - 2 scrolls of vulnerability {unknown}
 r - a scroll of enchant weapon {unknown}
 s - a scroll of immolation {unknown}
 t - a scroll of acquirement {unknown}
Potions
 d - a potion of degeneration {unknown}
 e - a potion of ambrosia {unknown}
 f - a potion of resistance {unknown}
 g - a potion of mutation
 j - a potion of cancellation {unknown}
 l - a potion of heal wounds
 n - 2 potions of curing {unknown}
 q - a potion of lignification


   Skills:
 - Level 3.0 Fighting
 * Level 4.5 Dodging
 + Level 3.4 Unarmed Combat
 + Level 4.9 Shapeshifting


You had 4 spell levels left.
You didn't know any spells.
Your spell library contained the following spells:

 Spells                   Type           Power      Damage    Failure   Level
 Summon Small Mammal      Summ           0%         N/A       38%         1
 Ensorcelled Hibernation  Hex/Ice        0%         N/A       52%         2
 Call Canine Familiar     Summ           0%         N/A       77%         3
 Ozocubu's Armour         Ice            0%         N/A       77%         3
 Summon Guardian Golem    Hex/Summ       0%         N/A       77%         3
 Anguish                  Hex/Necr       0%         N/A       99%         4
 Metabolic Englaciation   Hex/Ice        0%         N/A       100%        5
 Simulacrum               Ice/Necr       0%         N/A       100%        6


Dungeon Overview and Level Annotations

Branches:
Dungeon (3/15)

Altars:


Innate Abilities, Weirdness & Mutations

You are a hulking beast.
Your limbs bulge with bestial killing power. (Slay +3)
((You are very nimble when in or above water. (Stealth+, EV+, Speed+++)))
Your lower body shifts to a powerful aquatic tail in water.
Your magical capacity is low. (-10% MP)
You are robust. (+10% HP)


Message History

The orc hits you with a +0 trident.
You hit the orc but do no damage. The orc closely misses you.
You hit the orc but do no damage. The orc closely misses you.
You punch the orc!
You kill the orc!
You now have 135 gold pieces (gained 11).
s - a scroll labelled ZATAEGE FUHYT
b - a +0 sling (weapon)
Found a maw talisman.
You now have 141 gold pieces (gained 6).
You see here a maw talisman.
i - 16 stones (gained 5)
Found an arbalest.
Found a scroll labelled MOFFUXK TEEKKO and a ring mail.
t - a scroll labelled MOFFUXK TEEKKO A steam dragon comes into view.
The steam dragon hisses angrily.
You are now empty-handed.
You hit the steam dragon.
The steam dragon is lightly wounded.
The steam dragon breathes steam at you. The ball of steam hits you!
You hit the steam dragon.
The steam dragon is lightly wounded.
You are engulfed in a cloud of scalding steam.
The steam dragon barely misses you. The steam dragon claws you.
You barely miss the steam dragon.
The steam dragon is lightly wounded.
The steam dragon barely misses you. The steam dragon claws you.
You barely miss the steam dragon.
The steam dragon is lightly wounded.
You are engulfed in a cloud of scalding steam.
* * * LOW HITPOINT WARNING * * *
The steam dragon bites you!
* * * LOW HITPOINT WARNING * * *
The steam dragon barely misses you.
You hit the steam dragon but do no damage.
The steam dragon is lightly wounded.
The steam dragon bites you.
You die...

#.....†)......†.>......#
#..##...###...##...###.#
#. #.#)# #.#.###..#
#...# #...###..#
.###...###.....#
#)#[#.#.# #.#...#
..##.#.#.##.....#
###..#.#.#.D###..#
..#.#.#.#.h)#..# ##
..#.#.#..###.## #. .
#.#.#.##....# #..#.
#.#.#.#.#..#
#....###...###....#
#...#.#.D.###.##
#.#◑#.#.#.###..###
...##...###...##†.#..#
#...................#


You could see a steam dragon.

Vanquished Creatures
  Natasha (D:2)
  5 adders
  An ufetubus (D:3)
  2 worms (D:2)
  A dart slug (D:1)
  An orc (D:3)
  5 ball pythons
  3 endoplasms
  3 goblins
  A hobgoblin (D:1)
  4 jackals
  6 quokkas
  6 bats
  5 frilled lizards
  7 kobolds
  6 rats
57 creatures vanquished.

Notes
Turn   | Place    | Note
-------+----------+-------------------------------------------
     0 | D:1      | oldmanjim the Merfolk Shapeshifter began the quest for the
                  | Orb.
     0 | D:1      | Reached XP level 1. HP: 16/16 MP: 1/1
   117 | D:1      | Reached XP level 2. HP: 21/23 MP: 2/2
   484 | D:1      | Reached XP level 3. HP: 28/28 MP: 3/3
   558 | D:1      | Upgraded the game from 0.31-a0-277-g31ea1f65cc to
                  | 0.31-a0-321-g19405a7a6a
   870 | D:2      | Noticed Natasha
   878 | D:2      | Killed Natasha
   879 | D:2      | Reached XP level 4. HP: 30/35 MP: 4/4
  1049 | D:2      | Gained mutation: Your magical capacity is low. (-10% MP)
                  | [potion of mutation]
  1049 | D:2      | Gained mutation: You are robust. (+10% HP) [potion of
                  | mutation]
  1370 | D:3      | Reached XP level 5. HP: 24/45 MP: 4/4
  1566 | D:3      | Noticed a steam dragon
  1593 | D:3      | HP: 1/45 [steam dragon (8)]
  1594 | D:3      | Slain by a steam dragon

Illustrated notes

Levels and vault maps discovered:
D:1:      dpeg_arrival_round_c, layout_rooms, minmay_shallow_snake_nest
D:2:      layout_rooms, uniq_natasha
D:3:      layout_loops_ring, basic_ecumenical_altar, minmay_starry_boxes,
          uniq_grinder

Skill      XL: |  1  2  3  4 |
---------------+-------------+-----
Dodging        | 3 4 |  4.5
Fighting       | 3 |  3.0
Unarmed Combat | 3 |  3.4
Shapeshifting  | |  4.9

Action                     |  1- 3 |  4- 6 || total
---------------------------+-------+-------++-------
  Melee: Unarmed           |    95 |    49 ||   144
   Fire: Sling             |       |    17 ||    17
  Throw: Stone             |     7 |       ||     7
    Use: Potion            |       |     2 ||     2
   Stab: Sleeping          |     2 |     1 ||     3
 Armour: Animal skin       |    12 |     8 ||    20
  Dodge: Dodged            |    72 |    44 ||   116

Table legend: (Time is in decaauts)
 A = Elapsed time spent in this place.
 B = Non-inter-level travel time spent in this place.
 C = Inter-level travel time spent in this place.
 D = Time resting spent in this place.
 E = Time spent auto-exploring this place.
 F = Levels seen in this place.
 G = Mean time per level.
                   A        B        C        D        E       F      G
               +--------+--------+--------+--------+--------+-----+--------+
         Total |   1587 |   1515 |     72 |      0 |   1066 |   3 |  529.0 |
       Dungeon |   1587 |   1515 |     72 |      0 |   1066 |   3 |  529.0 |
               +--------+--------+--------+--------+--------+-----+--------+

Top non-repeatable levels by time:
     D:2: 714 daAuts
     D:1: 586 daAuts
     D:3: 287 daAuts
